 Seeded DCSS version 0.28.0-61-g67df4f89a8 (webtiles) character file.

Game seed: 14803461931090075201 (custom seed)

309 tkbsonic5 the Insei (level 5, -3/41 HPs)
             Began as a Demigod Transmuter on Feb 14, 2023.
             Slain by Grinder (6 damage)
             ... while paralysed by Grinder
             ... on level 3 of the Dungeon.
             The game lasted 00:20:31 (4253 turns).

tkbsonic5 the Insei (Demigod Transmuter)            Turns: 4253, Time: 00:20:31

Health: -3/41      AC:  2    Str: 11    XL:     5   Next: 95%
Magic:  8/12       EV:  5    Int: 19    God:
Gold:   65         SH:  0    Dex: 19    Spells: 3/10 levels left

rFire   . . .      SeeInvis .     - Unarmed
rCold   . . .      Faith    .   (shield currently unavailable)
rNeg    . . .      Spirit   .   (armour currently unavailable)
rPois   x          Reflect  .   (helmet currently unavailable)
rElec   .          Harm     .   (cloak currently unavailable)
rCorr   .          Rampage  .   (gloves currently unavailable)
Will    .....                   (boots currently unavailable)
Stlth   ++........              (no amulet)
HPRegen 0.13/turn               (no ring)
MPRegen 0.13/turn               (no ring)

@: paralysed, spider-form (expiring)
A: venomous fangs, tiny, high MP 1, forlorn, divine attributes
a: End Transformation


You were on level 3 of the Dungeon.
You were a venomous arachnid creature.
You visited 1 branch of the dungeon, and saw 3 of its levels.

You collected 65 gold pieces.

Inventory:

Hand Weapons
 b - a +1 dagger of venom (melded)
 g - a +1 short sword of freezing
Missiles
 c - 4 poisoned darts
 e - 4 curare-tipped darts
 i - 8 javelins
 j - 24 bolts
Armour
 a - a +1 robe (melded)
Potions
 d - a potion of curing
 h - a potion of flight


   Skills:
 - Level 2.2 Fighting
 - Level 1.4 Throwing
 - Level 1.8 Dodging
 - Level 3.4 Unarmed Combat
 + Level 3.0 Spellcasting
 - Level 0.6 Hexes
 * Level 3.2 Transmutations
 * Level 1.4 Poison Magic


You had 3 spell levels left.
You knew the following spells:

 Your Spells              Type           Power      Damage    Failure   Level
a - Beastly Appendage     Tmut           30%        N/A       13%         1
b - Wereblood             Tmut           15%        N/A       17%         2
c - Slow                  Hex            20%        N/A       28%         1
d - Spider Form           Tmut/Pois      11%        N/A       38%         3

Your spell library contained the following spells:

 Spells                   Type           Power      Damage    Failure   Level
 Confusing Touch          Hex            5%         N/A       56%         3
 Summon Guardian Golem    Hex/Summ       4%         N/A       61%         3
 Vampiric Draining        Necr           2%         2d6       63%         3
 Ice Form                 Ice/Tmut       9%         N/A       80%         4
 Orb of Destruction       Conj           1%         9d5       100%        7
 Spellforged Servitor     Conj/Summ      1%         N/A       100%        7


Dungeon Overview and Level Annotations

Branches:
Dungeon (3/15)

Shops:
D:3 =

Annotations:
D:3 Grinder


Innate Abilities, Weirdness & Mutations

You are a venomous arachnid creature.
You have poisonous fangs.
You are tiny and dextrous.
Your spellcasting is less reliable in this form.
Your armour is entirely melded.
You are incapable of wielding weapons or throwing items.
You have an increased reservoir of magic. (+10% MP)
You shall have no god before yourself.
Your divine heritage dramatically boosts your attributes as you level up.


Message History

Grinder shouts!
Unknown command.
Grinder gestures at you. You resist with significant effort.
Grinder blinks!
Grinder completely misses you.
You barely miss Grinder. Grinder misses you.
You hit Grinder.
Grinder is poisoned.
Grinder is lightly wounded.
Grinder hits you but does no damage.
You barely miss Grinder.
Grinder is lightly wounded.
Grinder misses you.
You hit Grinder but do no damage.
Grinder looks as sick as possible!
Grinder is lightly wounded.
You hit Grinder but do no damage.
Grinder is lightly wounded.
Grinder hits you.
You hit Grinder.
Grinder looks as sick as possible!
Grinder is moderately wounded.
Grinder gestures at you. Pain shoots through your body!
You hit Grinder.
Grinder is heavily wounded.
Grinder gestures at you. Pain shoots through your body!
You hit Grinder.
Grinder is heavily wounded.
Grinder gestures at you.
You suddenly lose the ability to move!
Your transformation is almost over.
Grinder gestures at you. Pain shoots through your body! Grinder hits you.
Grinder hits you!
* * * LOW HITPOINT WARNING * * *
You writhe in agony.
* * * LOW HITPOINT WARNING * * *
Grinder hits you.
You die...

...#...### .#.......#####
**####**
...5.........########**......####
8...8.....##.........,..##....(..
..#......#.........####.##....##.
.###.#...#........)...#.##....##.
..#......#............#.##....##.
8...8....#............#.##.......
..#.............s.......##.......
.###...........5........##.......
.,#...##...............)'.)......
8...8...................####.....
..#.....................#..♣.....
.##.........##...#......#........
,,o.........##...#......#.♣∩♣....
***............<.#......#.....###
*,,,,.................###♣###**


You could see Grinder (very poisoned).

Vanquished Creatures
  Sigmund (D:3)
  Terence (D:3)
  Robin (D:2)
  4 adders (D:2)
  3 worms
  3 dart slugs
  2 orcs (D:3)
  3 bats
  6 endoplasms
  A giant cockroach (D:2)
  7 hobgoblins
  6 ball pythons
  2 frilled lizards
  13 goblins
  4 kobolds
  5 rats
62 creatures vanquished.

Notes
Turn   | Place    | Note
-------+----------+-------------------------------------------
     0 | D:1      | tkbsonic5 the Demigod Transmuter began the quest for the
                  | Orb.
     0 | D:1      | Reached XP level 1. HP: 15/15 MP: 5/5
    72 | D:1      | Reached skill level 1 in Fighting
   473 | D:1      | Reached XP level 2. HP: 22/23 MP: 5/7
   662 | D:1      | Learned a level 2 spell: Wereblood
   664 | D:1      | Learned a level 1 spell: Slow
  1501 | D:2      | Reached XP level 3. HP: 21/28 MP: 7/9
  2130 | D:2      | Noticed Robin
  2193 | D:2      | Killed Robin
  2359 | D:2      | Reached XP level 4. HP: 36/36 MP: 8/10
  2363 | D:2      | Learned a level 3 spell: Spider Form
  2863 | D:3      | Noticed Terence
  3176 | D:3      | Noticed Sigmund
  3191 | D:3      | Killed Sigmund
  3192 | D:3      | Reached skill level 1 in Throwing
  3192 | D:3      | Reached skill level 1 in Poison Magic
  3192 | D:3      | Reached XP level 5. HP: 21/41 MP: 8/12
  3550 | D:3      | Noticed Grinder
  3554 | D:3      | Paralysed by Grinder for 3 turns
  4057 | D:3      | Found Wuzath's Jewellery Shop.
  4210 | D:3      | Killed Terence
  4249 | D:3      | Paralysed by Grinder for 6 turns
  4253 | D:3      | Slain by Grinder

Illustrated notes

Levels and vault maps discovered:
D:1:      dpeg_arrival_tiny_d, layout_basic
D:2:      layout_loops_ring, minmay_tetromino_i2, uniq_robin
D:3:      kb_forest_paths, layout_basic, marbit_many_paths, serial_shops,
          nicolae_shop_trees, minmay_misc_feat_four_crosses,
          minmay_misc_feat_more_columns, uniq_sigmund, uniq_terence,
          uniq_grinder

Skill      XL: |  1  2  3  4  5 |
---------------+----------------+-----
Fighting       | 1 2 |  2.2
Transmutations | 2 3 |  3.2
Spellcasting   | 2 3 |  3.0
Unarmed Combat | 3 |  3.4
Throwing       | 1 |  1.4
Poison Magic   | 1 |  1.4
Dodging        | |  1.8
Hexes          | |  0.6

Action                   |  1- 3 |  4- 6 || total
-------------------------+-------+-------++-------
Melee: Unarmed           |    14 |    40 ||    54
       Kick              |    11 |     2 ||    13
       Short sword       |    52 |     4 ||    56
       Headbutt          |     4 |       ||     4
       Punch             |     1 |       ||     1
       Dagger            |       |     6 ||     6
Throw: Javelin           |    15 |     4 ||    19
       Dart              |    11 |     5 ||    16
 Cast: Beastly Appendage |    22 |     4 ||    26
       Slow              |     1 |     1 ||     2
       Spider Form       |       |    14 ||    14
       Wereblood         |       |     2 ||     2
  Use: Scroll            |     6 |     3 ||     9
       Potion            |       |     3 ||     3
 Stab: Sleeping          |     2 |     2 ||     4
Armor: Robe              |    11 |     3 ||    14
       Skin              |       |     5 ||     5
Dodge: Dodged            |    43 |    25 ||    68
